 Seeded DCSS version 0.28-a0-1234-g826d19b2e0 (webtiles) character file.

Game seed: 11023650935340118060 (custom seed)

3276 croobank the Cleaver (level 10, -14/80 HPs)
             Began as a Gnoll Cinder Acolyte on Dec 24, 2021.
             Was a High Priest of Ignis.
             Killed from afar by a steam dragon (28 damage)
             ... with a ball of steam
             ... on level 8 of the Dungeon.
             The game lasted 00:55:01 (10684 turns).

croobank the Cleaver (Gnoll Cinder Acolyte)        Turns: 10684, Time: 00:55:02

Health: -14/80     AC:  6    Str: 18 (19) XL:     10   Next: 0%
Magic:  8/18       EV: 13    Int: 14 (15) God:    Ignis [*****.]
Gold:   353        SH:  0    Dex: 12      Spells: 9/20 levels left

rFire   x . .      SeeInvis .   b - +0 longbow
rCold   + . .      Faith    .   (shield currently unavailable)
rNeg    . . .      Spirit   .   v - +0 robe "Tecy" {+Inv rF- Str+3 Stlth+}
rPois   .          Reflect  .   (no helmet)
rElec   .          Harm     .   (no cloak)
rCorr   .          Rampage  .   o - +2 pair of gloves
Will    .....                   M - +0 pair of boots
Stlth   ++++......              G - amulet of regeneration
HPRegen 1.03/turn               w - ring "Qiamiesm" {Ice Dex+4}
MPRegen 0.16/turn               A - ring of wizardry

@: no status effects
A: fangs 1, strong nose, distributed training
a: Renounce Religion, Evoke Invisibility, Fiery Armour, Foxfire Swarm, Rising
Flame


You were on level 8 of the Dungeon.
You worshipped Ignis.
Ignis was extremely pleased with you.
You visited 1 branch of the dungeon, and saw 8 of its levels.

You collected 353 gold pieces.

Inventory:

Hand Weapons
 a - the +5 falchion "Beastbane" {vorpal, rC+ Int+4}
   (You found it on level 7 of the Dungeon)

   It inflicts extra damage upon your enemies.
   Int:       It affects your intelligence (+4).
   rC:        It protects you from cold.
 b - a +0 longbow (weapon)
 k - a +0 hand axe of freezing
 m - a +0 great sword of venom
 n - a +1 spectral club
 p - a +0 morningstar
 B - a +0 short sword of speed
 H - a +4 morningstar
 J - a +0 scythe
Missiles
 c - 332 stones
 h - 32 sling bullets
 q - 54 poisoned darts
 t - 87 arrows (quivered ammo)
Armour
 e - a +0 leather armour
 f - a +0 chain mail
 o - a +2 pair of gloves (worn)
 v - the +0 robe "Tecy" (worn) {+Inv rF- Str+3 Stlth+}
   (You found it on level 5 of the Dungeon)

   Str:       It affects your strength (+3).
   rF:        It makes you vulnerable to fire.
   +Inv:      It lets you turn invisible.
   Stlth:     It makes you more stealthy.
 C - a +0 scale mail
 E - a +0 ring mail
 F - a +0 buckler
 M - a +0 pair of boots (worn)
Magical Staves
 j - a staff of air
Jewellery
 w - the ring "Qiamiesm" (left hand) {Ice Dex+4}
   (You found it on level 5 of the Dungeon)

   [ring of ice]

   It enhances your ice magic.
   Dex:       It affects your dexterity (+4).
   rF:        It makes you vulnerable to fire.
   rC:        It protects you from cold.
 x - an amulet of magic regeneration
 A - a ring of wizardry (right hand)
 G - an amulet of regeneration (around neck)
Wands
 K - a wand of mindburst (9)
Scrolls
 d - 2 scrolls of fear
 g - 2 scrolls of vulnerability {vulnerability, unknown}
 s - a scroll of brand weapon
 u - a scroll of teleportation
 y - a scroll of enchant armour
 z - a scroll of holy word
 D - a scroll of magic mapping
 I - 4 scrolls of blinking
Potions
 i - a potion of magic
 l - 3 potions of curing
 r - 3 potions of heal wounds


   Skills:
 + Level 8.2 Fighting
 + Level 4.8 Short Blades
 + Level 4.8 Long Blades
 + Level 8.2 Axes
 + Level 4.8 Maces & Flails
 + Level 4.8 Polearms
 + Level 4.8 Staves
 + Level 4.8 Slings
 + Level 4.8 Bows
 + Level 4.8 Crossbows
 + Level 4.8 Throwing
 + Level 4.8 Armour
 + Level 4.8 Dodging
 + Level 4.8 Stealth
 + Level 4.8 Shields
 + Level 4.8 Unarmed Combat
 + Level 5.6 Spellcasting
 + Level 3.9 Conjurations
 + Level 3.9 Hexes
 + Level 3.9 Summonings
 + Level 3.9 Necromancy
 + Level 3.9 Translocations
 + Level 3.9 Transmutations
 + Level 6.8 Fire Magic
 + Level 3.9 Ice Magic
 + Level 3.9 Air Magic
 + Level 3.9 Earth Magic
 + Level 3.9 Poison Magic
 + Level 5.2 Invocations
 + Level 4.8 Evocations


You had 9 spell levels left.
You knew the following spells:

 Your Spells              Type           Power      Damage    Failure   Level
a - Scorch                Fire           46%        2d7       1%          2
b - Gell's Gravitas       Tloc           15%        N/A       4%          3
c - Teleport Other        Tloc           15%        N/A       4%          3
d - Mephitic Cloud        Conj/Pois/Air  15%        N/A       4%          3

Your spell library contained the following spells:

 Spells                   Type           Power      Damage    Failure   Level
 Animate Skeleton         Necr           30%        N/A       1%          1
 Apportation              Tloc           30%        N/A       1%          1
 Magic Dart               Conj           60%        1d6       1%          1
 Summon Small Mammal      Summ           60%        N/A       1%          1
 Call Imp                 Summ           15%        N/A       1%          2
 Lesser Beckoning         Tloc           15%        N/A       4%          3


Dungeon Overview and Level Annotations

Branches:
Dungeon (8/15)             Temple (0/1) D:6
   Lair: D:8-11

Altars:
Elyvilon
Sif Muna
Vehumet
Yredelemnul

Annotations:
D:3 Dowan, Duvessa


Innate Abilities, Weirdness & Mutations

You have very sharp teeth.
Your uncanny sense of smell can sniff out nearby items.
Your experience applies equally to all skills.


Message History

Confirm with . or Enter, or press ? or * to list all spells.
Flames lash the centaur.
The centaur is burned terribly!
The centaur is almost dead.
The centaur shoots an arrow.
The arrow barely misses you.
The centaur shoots an arrow.
The arrow hits you!
Casting: Scorch (safe; 1% risk of failure)
Confirm with . or Enter, or press ? or * to list all spells.
Flames lash the centaur.
The centaur is burned terribly!
You kill the centaur!
The steam dragon breathes steam at you. The ball of steam misses you.
You have reached level 10!
Fire: 89 arrows
Press: ? - help, Q - select action, (/) - cycle Shift-Dir - straight line, f - steam dragon
Aim: a steam dragon (62% to hit)
You shoot an arrow.
The arrow closely misses the steam dragon.
Fire: 88 arrows
Press: ? - help, Q - select action, (/) - cycle Shift-Dir - straight line, f/p - steam dragon
Aim: a steam dragon (62% to hit)
You shoot an arrow. The arrow hits the steam dragon.
The steam dragon is lightly wounded.
The steam dragon breathes steam at you. The ball of steam hits you!
The steam scalds you terribly!
Casting: Scorch (safe; 1% risk of failure)
Confirm with . or Enter, or press ? or * to list all spells.
Flames lash the steam dragon.
The steam dragon is moderately wounded.
The steam dragon's fire resistance burns away.
You are engulfed in a cloud of scalding steam.
* * * LOW HITPOINT WARNING * * *
Casting: Scorch (safe; 1% risk of failure)
Confirm with . or Enter, or press ? or * to list all spells.
Flames lash the steam dragon.
The steam dragon is burned terribly!
The steam dragon is heavily wounded.
You are engulfed in a cloud of scalding steam.
* * * LOW HITPOINT WARNING * * *
The steam dragon breathes steam at you. The ball of steam hits you!!
The steam scalds you terribly!
You die...

##.# #.....## #..
##...##......# ##.
#............#####
##.................
...................
#...>..............
###............####.
#.§....8.8.....#.#..
##§@§.§.............
#.§§§..8.........#..
##§D..§..........##.
#..§..........8.8 8
##..(............
###........8.8.8
#..)##.###...##
#.[(.### .....
#...... #....


You could see a steam dragon (catching breath, combustible).

Vanquished Creatures
  A troll (D:8)
  3 slime creatures (D:5)
  Sigmund (D:6)
  A steam dragon (D:7)
  A water moccasin (D:7)
  A sky beast (D:6)
  2 black bears
  3 ogres
  A centaur (D:8)
  2 phantoms (D:4)
  2 kobold brigands
  A scorpion (D:5)
  3 wights (D:7)
  A howler monkey (D:6)
  8 jellies
  A bullfrog zombie (D:6)
  4 bullfrog skeletons
  An orc priest (D:3)
  4 hounds
  Jessica (D:2)
  Natasha (thrice) (D:2)
  2 iguanas
  An orc wizard (D:3)
  A killer bee zombie (D:5)
  A hound zombie (D:5)
  11 gnolls
  7 adders
  An ufetubus (D:6)
  4 worms
  2 dart slugs
  9 orcs
  6 ball pythons
  15 endoplasms
  6 giant cockroaches
  4 goblins
  11 hobgoblins
  9 jackals
  6 quokkas
  4 bats (D:1)
  3 frilled lizards
  16 kobolds
  4 rats
168 creatures vanquished.

Vanquished Creatures (others)
  9 fungi (D:5)
  6 toadstools (D:5)
15 creatures vanquished.

Grand Total: 183 creatures vanquished

Notes
Turn   | Place    | Note
-------+----------+-------------------------------------------
     0 | D:1      | croobank the Gnoll Cinder Acolyte began the quest for the
                  | Orb.
     0 | D:1      | Reached XP level 1. HP: 23/23 MP: 4/4
   229 | D:1      | Reached XP level 2. HP: 13/29 MP: 5/5
   400 | D:1      | Learned a level 2 spell: Scorch
   933 | D:1      | Reached XP level 3. HP: 35/35 MP: 1/7
  1271 | D:1      | Reached skill level 1 in Invocations
  1791 | D:2      | Reached skill level 1 in Short Blades
  1791 | D:2      | Reached skill level 1 in Long Blades
  1791 | D:2      | Reached skill level 1 in Maces & Flails
  1791 | D:2      | Reached skill level 1 in Polearms
  1791 | D:2      | Reached skill level 1 in Staves
  1791 | D:2      | Reached skill level 1 in Slings
  1791 | D:2      | Reached skill level 1 in Bows
  1791 | D:2      | Reached skill level 1 in Crossbows
  1791 | D:2      | Reached skill level 1 in Throwing
  1791 | D:2      | Reached skill level 1 in Armour
  1791 | D:2      | Reached skill level 1 in Dodging
  1791 | D:2      | Reached skill level 1 in Stealth
  1791 | D:2      | Reached skill level 1 in Shields
  1791 | D:2      | Reached skill level 1 in Unarmed Combat
  1791 | D:2      | Reached skill level 1 in Evocations
  1983 | D:2      | Reached XP level 4. HP: 20/41 MP: 1/8
  2433 | D:2      | Found a faded altar of an unknown god.
  2448 | D:2      | Noticed Jessica
  2450 | D:2      | Killed Jessica
  2450 | D:2      | Noticed Natasha
  2451 | D:2      | Reached skill level 1 in Conjurations
  2451 | D:2      | Reached skill level 1 in Hexes
  2451 | D:2      | Reached skill level 1 in Summonings
  2451 | D:2      | Reached skill level 1 in Necromancy
  2451 | D:2      | Reached skill level 1 in Translocations
  2451 | D:2      | Reached skill level 1 in Transmutations
  2451 | D:2      | Reached skill level 1 in Ice Magic
  2451 | D:2      | Reached skill level 1 in Air Magic
  2451 | D:2      | Reached skill level 1 in Earth Magic
  2451 | D:2      | Reached skill level 1 in Poison Magic
  2471 | D:2      | Killed Natasha
  2472 | D:2      | Reached XP level 5. HP: 26/47 MP: 1/9
  2538 | D:2      | Noticed Natasha
  2554 | D:2      | Killed Natasha
  2645 | D:2      | Noticed Natasha
  2651 | D:2      | Killed Natasha
  3248 | D:3      | Reached XP level 6. HP: 20/53 MP: 7/10
  4312 | D:3      | Found a basalt altar of Yredelemnul.
  4312 | D:3      | Found a white marble altar of Elyvilon.
  4314 | D:3      | Found a shimmering blue altar of Sif Muna.
  4743 | D:4      | Reached XP level 7. HP: 55/59 MP: 3/12
  5181 | D:4      | Found a radiant altar of Vehumet.
  5356 | D:4      | Noticed Duvessa
  5358 | D:4      | Noticed Dowan
  6366 | D:4      | Reached XP level 8. HP: 60/67 MP: 10/14
  6542 | D:5      | Entered Level 5 of the Dungeon
  6559 | D:5      | Identified the +0 robe "Tecy" {+Inv rF- Str+3 Stlth+}
  6693 | D:5      | Identified the ring "Qiamiesm" {Ice Dex+4}
  7742 | D:5      | Noticed a slime creature
  7754 | D:5      | Killed a slime creature
  7788 | D:5      | Noticed a slime creature
  8408 | D:5      | Killed a slime creature
  8409 | D:5      | Reached XP level 9. HP: 51/73 MP: 16/16
  8413 | D:5      | Learned a level 3 spell: Gell's Gravitas
  8573 | D:5      | Reached skill level 5 in Spellcasting
  9213 | D:6      | Learned a level 3 spell: Teleport Other
  9688 | D:6      | Noticed Sigmund
  9694 | D:6      | Killed Sigmund
  9817 | D:6      | Found a staircase to the Ecumenical Temple.
 10080 | D:7      | Reached skill level 5 in Invocations
 10249 | D:7      | Identified the +5 falchion "Beastbane" {vorpal, rC+ Int+4}
 10255 | D:7      | Learned a level 3 spell: Mephitic Cloud
 10655 | D:8      | Noticed a troll
 10662 | D:8      | Killed a troll
 10676 | D:8      | Reached XP level 10. HP: 37/80 MP: 10/18
 10684 | D:8      | Killed from afar by a steam dragon

Illustrated notes

Levels and vault maps discovered:
D:1:      mainiacjoe_arrival_reflecting_pool, layout_loops_corners,
          minmay_split_cup_large
D:2:      layout_basic, basic_ecumenical_altar, minmay_tetromino_s4,
          uniq_jessica, uniq_natasha
D:3:      layout_rooms, gammafunk_temple_overflow_claw
D:4:      layout_basic, fiery_altar_vehumet, uniq_duvessa
D:5:      cheibrodos_fertilizer, layout_loops_ring
D:6:      layout_rooms, temple_hall, uniq_sigmund
D:7:      layout_cave_pools
D:8:      layout_cave_pools, serial_column_ruins, column_ruins_grid_1,
          column_ruins_columns_corner, column_ruins_open_tiny,
          column_ruins_corridor_straight, column_ruins_open_small,
          column_ruins_columns_T, column_ruins_open_small_water

Skill      XL: |  1  2  3  4  5  6  7  8  9 |
---------------+----------------------------+-----
Invocations    | 1 2 3 4 5 |  5.2
Short Blades   | 1 2 3 4 |  4.8
Long Blades    | 1 2 3 4 |  4.8
Maces & Flails | 1 2 3 4 |  4.8
Polearms       | 1 2 3 4 |  4.8
Staves         | 1 2 3 4 |  4.8
Slings         | 1 2 3 4 |  4.8
Bows           | 1 2 3 4 |  4.8
Crossbows      | 1 2 3 4 |  4.8
Throwing       | 1 2 3 4 |  4.8
Armour         | 1 2 3 4 |  4.8
Dodging        | 1 2 3 4 |  4.8
Stealth        | 1 2 3 4 |  4.8
Shields        | 1 2 3 4 |  4.8
Unarmed Combat | 1 2 3 4 |  4.8
Evocations     | 1 2 3 4 |  4.8
Spellcasting   | 3 4 5 |  5.6
Conjurations   | 1 2 3 |  3.9
Hexes          | 1 2 3 |  3.9
Summonings     | 1 2 3 |  3.9
Necromancy     | 1 2 3 |  3.9
Translocations | 1 2 3 |  3.9
Transmutations | 1 2 3 |  3.9
Ice Magic      | 1 2 3 |  3.9
Air Magic      | 1 2 3 |  3.9
Earth Magic    | 1 2 3 |  3.9
Poison Magic   | 1 2 3 |  3.9
Fighting       | 7 8 |  8.2
Axes           | 7 8 |  8.2
Fire Magic     | 6 |  6.8

Action                   |  1- 3 |  4- 6 |  7- 9 | 10-12 || total
-------------------------+-------+-------+-------+-------++-------
Melee: Hand axe          |    69 |    15 |       |       ||    84
       Bite              |     6 |     2 |     8 |       ||    16
       Club              |       |    46 |    69 |       ||   115
       Punch             |       |       |     3 |       ||     3
       Falchion          |       |       |     2 |       ||     2
 Fire: Longbow           |       |       |    40 |     2 ||    42
Throw: Dart              |       |     5 |    36 |       ||    41
       Stone             |       |       |     1 |       ||     1
 Cast: Scorch            |    31 |    66 |   124 |     2 ||   223
  Use: Scroll            |       |     3 |    12 |       ||    15
       Potion            |       |       |     5 |       ||     5
 Stab: Sleeping          |       |     1 |     1 |       ||     2
       Distracted        |       |       |     1 |       ||     1
Armor: Robe              |     4 |       |     8 |       ||    12
       Leather armour    |     9 |    13 |     8 |       ||    30
Dodge: Dodged            |    38 |    46 |    66 |       ||   150

Table legend: (Time is in decaauts)
 A = Elapsed time spent in this place.
 B = Non-inter-level travel time spent in this place.
 C = Inter-level travel time spent in this place.
 D = Time resting spent in this place.
 E = Time spent auto-exploring this place.
 F = Levels seen in this place.
 G = Mean time per level.
                   A        B        C        D        E       F      G
               +--------+--------+--------+--------+--------+-----+--------+
         Total |  10721 |  10573 |    148 |   3979 |   4639 |   8 | 1340.1 |
       Dungeon |  10721 |  10573 |    148 |   3979 |   4639 |   8 | 1340.1 |
               +--------+--------+--------+--------+--------+-----+--------+

Top non-repeatable levels by time:
     D:4: 2294 daAuts
     D:5: 2117 daAuts
     D:1: 1925 daAuts
     D:2: 1486 daAuts
     D:3: 1359 daAuts
     D:7: 760 daAuts
     D:6: 710 daAuts
     D:8: 66 daAuts
